AoeStats
← Roidz4

Arena

506128622Analyzed
2v2 RM · 21d ago on Sep 12, 2026· 26m 19s· 4 players
Game mode
Random Map
Map size
Medium (4 player)
Population
200
Speed
Normal
Resources
Standard
Victory
Conquest
Starting age
Dark Age
Ending age
Imperial Age
RankedLock teamsTeams togetherTeam positionsShared explorationLock speedFull tech treeHidden civsTurbo modeCheats
Victory
Defeat
🇩🇪 Goths · Germany
1181
+15
🇩🇪 Vietnamese · Germany
1169
+15
🇿🇦 Saracens · South Africa
1157
-15
🇭🇰 Magyars · Hong Kong SAR China
1150
-15
低糖老头
11:17 Feudal Age
15:56 Castle Age
14:59 Double-Bit Axe
18:04 Stone Mining
20:15 Horse Collar
22:02 Heavy Plow
23:19 Scale Barding Armor
23:30 Bow Saw
24:27 Wheelbarrow
26:04 Husbandry
Roidz4
7:20 Loom
10:17 Feudal Age
14:49 Castle Age
16:12 Horse Collar
16:21 Double-Bit Axe
26:09 Bloodlines
Mayor Meanswell
11:01 Feudal Age
9:29 Loom
12:32 Loom
14:48 Castle Age
13:12 Double-Bit Axe
15:40 Bow Saw
16:30 Horse Collar
17:36 Heavy Plow
25:09 Gold Mining
Rindsau
11:08 Feudal Age
12:01 Loom
16:02 Castle Age
15:35 Double-Bit Axe
17:45 Gold Mining
20:04 Bow Saw
21:43 Scale Mail Armor
22:32 Squires
23:24 Town Watch
Connection lost

Rejoining the realm…

Still unreachable

The connection could not be restored.

Session expired

The server has moved on; the page needs a fresh start.